 Dungeon Crawl Stone Soup version 0.27-a0-1202-ge72e49191c (webtiles) character file.

Game seed: 13299808695203925437

453 deadmanwalking the Shield-Bearer (level 6, -1/78 HPs)
             Began as a Minotaur Fighter on June 4, 2021.
             Was a Believer of Kikubaaqudgha.
             Slain by Pikel
             ... wielding a +1 whip of electrocution
              (7 damage)
             ... on level 4 of the Dungeon.
             The game lasted 00:10:35 (5081 turns).

deadmanwalking the Shield-Bearer (Minotaur Fighter) Turns: 5081, Time: 00:10:36

Health: -1/78      AC:  3    Str: 20    XL:     6   Next: 75%
Magic:  5/5        EV:  9    Int:  7    God:    Kikubaaqudgha [**....]
Gold:   164        SH: 15    Dex: 10    Spells: 4/5 levels left

rFire    + . .     SeeInvis .   a - +0 morningstar
rCold    . . .     Faith    .   c - +0 kite shield
rNeg     . . .     Spirit   .   o - +0 leather armour {rF+}
rPois    .         Reflect  +   (helmet restricted)
rElec    .         Harm     .   (no cloak)
rCorr    .         Rampage  .   (no gloves)
Will     .....                  (no boots)
Stlth    ..........             y - amulet of reflection
HPRegen  0.23/turn              (no ring)
MPRegen  0.09/turn              (no ring)

@: berserking, very quick
A: horns 2, retaliatory headbutt
a: Renounce Religion, Receive Corpses


You were on level 4 of the Dungeon.
You worshipped Kikubaaqudgha.
Kikubaaqudgha was pleased with you.
You visited 1 branch of the dungeon, and saw 5 of its levels.

You collected 164 gold pieces.

Inventory:

Hand Weapons
 a - a +0 morningstar (weapon)
 b - a +0 hunting sling
 t - a +1 flail
Missiles
 g - 77 stones (quivered)
 n - 48 bolts
 v - 19 sling bullets
 w - 2 datura-tipped darts
Armour
 c - a +0 kite shield (worn)
 e - a +0 tower shield
 j - a +0 scale mail
 o - a +0 leather armour of fire resistance (worn)
Jewellery
 y - an amulet of reflection (around neck)
Wands
 p - a wand of mindburst (13)
Scrolls
 f - a scroll of enchant weapon
 i - a scroll of magic mapping
 q - 2 scrolls of teleportation
 u - a scroll of amnesia
 x - a scroll of summoning
Potions
 d - 2 potions of might
 h - a potion of haste
 k - a potion of berserk rage
 l - 3 potions of flight
 m - a potion of degeneration {unknown}
 r - 2 potions of curing {unknown}
 s - a potion of lignification {unknown}


   Skills:
 + Level 3.8 Fighting
 * Level 5.6 Maces & Flails
 + Level 3.8 Armour
 * Level 6.4 Shields
 + Level 2.1 Necromancy


You had 4 spell levels left.
You knew the following spells:

 Your Spells              Type           Power      Damage    Failure   Level
a - Pain                  Necr           8%         1d4       56%         1

Your spell library contained the following spells:

 Spells                   Type           Power      Damage    Failure   Level
 Sublimation of Blood     Necr           1%         N/A       71%         2
 Magic Dart               Conj           0%         1d3       86%         1
 Summon Small Mammal      Summ           0%         N/A       86%         1
 Corpse Rot               Necr/Air       N/A        N/A       86%         2
 Vampiric Draining        Necr           1%         2d6       91%         3
 Blink                    Tloc           N/A        N/A       94%         2
 Call Imp                 Summ           0%         N/A       94%         2
 Slow                     Hex            0%         N/A       94%         2
 Call Canine Familiar     Summ           0%         N/A       99%         3
 Conjure Flame            Conj/Fire      0%         6-21      99%         3
 Mephitic Cloud           Conj/Pois/Air  0%         N/A       99%         3
 Summon Guardian Golem    Hex/Summ       0%         N/A       99%         3
 Summon Ice Beast         Ice/Summ       0%         N/A       100%        4
 Summon Lightning Spire   Summ/Air       0%         N/A       100%        4


Dungeon Overview and Level Annotations

Branches:
Dungeon (5/15)
 Temple: D:4-7

Altars:
Dithmenos
Kikubaaqudgha
Xom
Zin

Annotations:
D:4 Pikel


Innate Abilities, Weirdness & Mutations

You have a pair of horns on your head.
You reflexively headbutt those who attack you in melee.


Message History

The iguana is almost dead.
The iguana bites you.
* * * LOW HITPOINT WARNING * * *
You puncture the iguana!
You kill the iguana!
Kikubaaqudgha accepts your kill.
You start resting.
HP restored.
You climb downwards.
Level annotation: Pikel The centaur shoots an arrow.
The arrow hits you! The lemure closely misses you. You furiously retaliate!
You headbutt the lemure, but do no damage.
Pikel hits you but does no damage.
There is a stone staircase leading up here.
The centaur shoots an arrow.
You reflect the arrow off an invisible shield around you!
The arrow completely misses the centaur.
You block the lemure's attack.
Pikel hits you with a +1 whip of electrocution.
You climb upwards.
There is a stone staircase leading down, spattered with blood here.
The lemure barely misses you. The lemure hits you!
Your shield prevents you from hitting Pikel.
You block Pikel's attack.
Pikel hits you with a +1 whip of electrocution.
You are electrocuted!
* * * LOW HITPOINT WARNING * * *
You puncture Pikel! Your headbutt misses Pikel.
Pikel is moderately wounded.
Pikel hits you with a +1 whip of electrocution!
* * * LOW HITPOINT WARNING * * *
A red film seems to cover your vision as you go berserk!
You feel yourself moving faster!
You feel mighty! You block Pikel's attack.
You thump Pikel!
Pikel is heavily wounded.
Pikel hits you with a +1 whip of electrocution!
You die...
Kikubaaqudgha rasps: "You have failed me!
Welcome... death!"

######### #...รท...# ########
#.#>....#
#......######.#.###.#
#.##..............#.##########
#.##.#.######5#.#............#
#.##.#.# #K#.....########.#
#.##.#.#### #@#.....# ##.#
#.........# #.......# #...
####......# #####.### #.##
#.###..# #.# #.# #.# #..# #.#
#.# #.###..# ##'## #.#
#......# ##...## #.#
#####.######.....## #.# #
#........##.......## ##.##


You could see Pikel and a lemure.

Vanquished Creatures
  A necrophage (D:4)
  Blork the orc (D:5)
  A scorpion (D:4)
  A centaur zombie (D:4)
  A jelly (D:3)
  An iguana (D:4)
  A gnoll (D:2)
  3 adders
  An ufetubus (D:5)
  2 worms (D:2)
  2 dart slugs (D:2)
  3 orcs (D:4)
  5 bats
  10 endoplasms
  6 giant cockroaches
  12 goblins
  6 hobgoblins
  10 jackals
  4 quokkas
  3 ball pythons
  7 frilled lizards
  12 kobolds
  5 rats
98 creatures vanquished.

Notes
Turn   | Place    | Note
-------+----------+-------------------------------------------
     0 | D:1      | deadmanwalking the Minotaur Fighter began the quest for the
                  | Orb.
     0 | D:1      | Reached XP level 1. HP: 19/19 MP: 0/0
   192 | D:1      | Reached skill level 4 in Shields
   192 | D:1      | Reached XP level 2. HP: 26/26 MP: 1/1
   664 | D:1      | Reached XP level 3. HP: 31/31 MP: 2/2
  1679 | D:2      | Found a faded altar of an unknown god.
  1691 | D:2      | Became a worshipper of Kikubaaqudgha
  1691 | D:2      | Reached * piety under Kikubaaqudgha
  1691 | D:2      | Identified Kikubaaqudgha's Tome of Evil Magic
                  | (Kikubaaqudgha gifted it to you on level 2 of the Dungeon)
  1691 | D:2      | Received a gift from Kikubaaqudgha
  1695 | D:2      | Learned a level 1 spell: Pain
  1736 | D:2      | Reached XP level 4. HP: 39/39 MP: 3/3
  1738 | D:2      | Reached skill level 5 in Shields
  2815 | D:3      | Reached XP level 5. HP: 44/45 MP: 4/4
  2846 | D:3      | Reached ** piety under Kikubaaqudgha
  2899 | D:3      | Found a shadowy altar of Dithmenos.
  2901 | D:3      | Reached skill level 1 in Necromancy
  3068 | D:3      | Found a glowing silver altar of Zin.
  3552 | D:4      | Noticed a necrophage
  3561 | D:4      | Killed a necrophage
  3562 | D:4      | Reached skill level 5 in Maces & Flails
  4007 | D:4      | Reached XP level 6. HP: 43/51 MP: 5/5
  4121 | D:4      | Reached skill level 6 in Shields
  4327 | D:4      | Found a shimmering altar of Xom.
  4541 | D:5      | Entered Level 5 of the Dungeon
  4562 | D:5      | Noticed Blork the orc
  4565 | D:5      | Killed Blork the orc
  4754 | D:5      | Noticed Pikel
  5081 | D:4      | Slain by Pikel

Illustrated notes

Levels and vault maps discovered:
D:1:      moated_graveyard_arrival, layout_loops_corners, serial_glass,
          glass_columns_b, glass_columns_c, glass_columns_b, glass_columns_a,
          glass_columns_c, glass_columns_b, glass_columns_a, glass_columns_a
D:2:      layout_basic, shapermc_ecumenical_altar_starsandcircs,
          minmay_tiny_reverse_x
D:3:      layout_loops_ring, nicolae_overflow_crystal_walls, zin_scriptorium
D:4:      layout_loops_corners, lemuel_coloured_pillars_altar
D:5:      layout_gridville, nicolae_elyvilon_temple_path,
          minmay_misc_feat_tower, uniq_blork_the_orc, uniq_sigmund,
          uniq_menkaure, uniq_pikel

Skill      XL: |  1  2  3  4  5  6 |
---------------+-------------------+-----
Shields        | 4 5 6 |  6.4
Maces & Flails | 3 4 5 |  5.6
Necromancy     | 1 2 |  2.1
Fighting       | |  3.8
Armour         | |  3.8

Action                   |  1- 3 |  4- 6 || total
-------------------------+-------+-------++-------
Melee: Flail             |   110 |    56 ||   166
       Headbutt          |     8 |    12 ||    20
       Morningstar       |       |    53 ||    53
 Fire: Hunting sling     |     1 |    17 ||    18
Evoke: Wand              |       |     2 ||     2
  Use: Scroll            |     5 |     8 ||    13
       Potion            |       |     1 ||     1
Armor: Scale mail        |    53 |    13 ||    66
       Leather armour    |       |    16 ||    16
Dodge: Dodged            |    37 |    33 ||    70
Block: Kite shield       |    63 |    55 ||   118
       Reflection        |       |     2 ||     2

Table legend: (Time is in decaauts)
 A = Elapsed time spent in this place.
 B = Non-inter-level travel time spent in this place.
 C = Inter-level travel time spent in this place.
 D = Time resting spent in this place.
 E = Time spent auto-exploring this place.
 F = Levels seen in this place.
 G = Mean time per level.
                   A        B        C        D        E       F      G
               +--------+--------+--------+--------+--------+-----+--------+
         Total |   5179 |   4723 |    456 |    284 |   3671 |   5 | 1035.8 |
       Dungeon |   5179 |   4723 |    456 |    284 |   3671 |   5 | 1035.8 |
               +--------+--------+--------+--------+--------+-----+--------+

Top non-repeatable levels by time:
     D:4: 1646 daAuts
     D:1: 1422 daAuts
     D:2: 1275 daAuts
     D:3: 690 daAuts
     D:5: 145 daAuts
